 Dungeon Crawl Stone Soup version 0.20.1-1-g8b1a95d (webtiles) character file.

32 Ezendos the Charmwright (level 3, 0/40 HPs)
             Began as a Human Skald on July 14, 2017.
             Slain by Sigmund
             ... wielding a +0 scythe
              (2 damage)
             ... on level 2 of the Dungeon.
             The game lasted 00:03:52 (1173 turns).

Ezendos the Charmwright (Human Skald)               Turns: 1173, Time: 00:03:53

Health: 0/40       AC: 21    Str: 15    XL:     3   Next: 42%
Magic:  6/6        EV:  2    Int: 14    God:
Gold:   75         SH:  0    Dex: 12    Spells: 1/6 levels left

rFire    . . .     SeeInvis .   a - +0 spear
rCold    . . .     Gourm    .   (no shield)
rNeg     + + +     Faith    .   (armour currently unavailable)
rPois    +         Spirit   .   (helmet currently unavailable)
rElec    .         Reflect  .   (cloak currently unavailable)
rCorr    .         Harm     .   (gloves currently unavailable)
MR       .....     NoTele   +   (boots currently unavailable)
Stlth    +.........             (no amulet)
Regen    0.2/turn               p - ring of wizardry
MPRegen  0.1/turn               j - +4 ring of strength

@: tree-form, berserk cooldown, slowed, very slow
A: no striking features
a: no special abilities


You were on level 2 of the Dungeon.
You were not hungry.
You were a tree.
You visited 1 branch of the dungeon, and saw 2 of its levels.

You collected 75 gold pieces.

Inventory:

Hand Weapons
 a - a +0 spear (weapon)
 e - a +1 dagger of speed
Armour
 b - a +0 leather armour (melded)
Jewellery
 g - a +2 amulet of reflection {unknown}
 j - a +4 ring of strength (right branch)
 k - an uncursed amulet of the gourmand {unknown}
 p - a ring of wizardry (left branch)
Scrolls
 l - 2 scrolls of remove curse
 m - 2 scrolls of amnesia
 n - a scroll of teleportation {unknown}
Books
 c - a book of Battle

   Spells                             Type                      Level
   a - Infusion                       Charms                       1
   b - Shroud of Golubria             Charms/Translocation         2
   c - Song of Slaying                Charms                       2
   d - Spectral Weapon                Hexes/Charms                 3
   e - Regeneration                   Charms/Necromancy            3
Comestibles
 d - 2 bread rations
 h - 2 chunks of flesh


   Skills:
 - Level 2.0 Fighting
 - Level 2.0 Polearms
 - Level 1.0 Armour
 - Level 2.0 Dodging
 + Level 2.1 Spellcasting
 * Level 4.1 Charms


You had one spell level left.
You knew the following spells:

 Your Spells              Type           Power        Failure   Level  Hunger
a - Infusion              Chrm           ##..         1%          1    #......
b - Song of Slaying       Chrm           ##......     2%          2    ###....
c - Shroud of Golubria    Chrm/Tloc      #.........   6%          2    ###....


Dungeon Overview and Level Annotations

Branches:
Dungeon (2/15)

Altars:

Annotations:
D:2 Sigmund


Message History

Deactivating autopickup; reactivate with Ctrl-A.
Something hits you but does no damage.
You're too confused to move!
You feel less confused. Something hits you!
* * * LOW HITPOINT WARNING * * *
Okay, then.
It was a potion of curing.
You feel better. Something hits you!
* * * LOW HITPOINT WARNING * * *
It was a potion of lignification.
You turn into a tree.
Your +0 leather armour melds into your body.
Your roots penetrate the ground.
Something hits you but does no damage.
Attack whom?
Press: ? - help, Dir - move target cursor You reach to attack!
You closely miss something. Something hits you.
* * * LOW HITPOINT WARNING * * *
Attack whom?
Press: ? - help, Dir - move target cursor You reach to attack!
You closely miss something. Something hits you.
You die...

#####.....#
#.........#
#.........#
####.........#
#............#
#............#
#............####
#............(..#
#.♣......###.##.#
#..{....###.###(##.#
#.......#.......##.#
#..............###.###
####+##>.......+......
.##.....###.#..
.##.###.# #.#.. .##.#
#.# #.### . ... ...


There were no monsters in sight!

Vanquished Creatures
  A worm (D:2)
  A dart slug (D:2)
  A leopard gecko (D:2)
  4 bats
  2 giant cockroaches (D:2)
  3 goblins
  3 hobgoblins
  5 kobolds
  A ball python (D:2)
  A frilled lizard (D:1)
  2 rats (D:1)
24 creatures vanquished.

Notes
Turn   | Place    | Note
-------+----------+-------------------------------------------
     0 | D:1      | Ezendos the Human Skald began the quest for the Orb.
     0 | D:1      | Reached XP level 1. HP: 16/16 MP: 3/3
   265 | D:1      | Reached XP level 2. HP: 14/22 MP: 5/5
   680 | D:1      | Learned a level 2 spell: Song of Slaying
   683 | D:1      | Learned a level 2 spell: Shroud of Golubria
   851 | D:2      | Reached XP level 3. HP: 26/27 MP: 6/6
   877 | D:2      | Reached skill level 4 in Charms
  1152 | D:2      | Noticed Sigmund
  1172 | D:2      | HP: 2/40 [something (2)]
  1173 | D:2      | Slain by Sigmund

Skill      XL: |  1  2  3 |
---------------+----------+-----
Charms         | 4 |  4.1
Fighting       | |  2.0
Polearms       | |  2.0
Armour         | |  1.0
Dodging        | |  2.0
Spellcasting   | |  2.1

Action                   || total
-------------------------++-------
Melee: Dagger            ||    87
       Spear             ||    40
 Cast: Infusion          ||     7
  Use: Potion            ||     4
       Scroll            ||     2
 Stab: Sleeping          ||     1
  Eat: Chunk             ||     1
Armor: Leather armour    ||    26
       Skin              ||     1
Dodge: Dodged            ||    76
